 Dungeon Crawl Stone Soup version 0.19-a0-829-g23a5e41 (webtiles) character file.

119881 AlphabetPasta the Earth Mage (level 16, -7/129 HPs)
             Began as a Deep Dwarf Earth Elementalist on June 28, 2016.
             Was an Elder of Elyvilon.
             Killed from afar by Aizul (22 damage)
             ... with a bolt of poison
             ... on level 3 of the Snake Pit on June 29, 2016.
             The game lasted 05:14:27 (45021 turns).

AlphabetPasta the Earth Mage (DDEE)                Turns: 45021, Time: 05:14:30

Health: -7/129     AC: 15    Str: 12    XL:     16   Next: 28%
Magic:  30/47      EV: 18    Int: 28    God:    Elyvilon [****..]
Gold:   2594       SH:  6    Dex: 13    Spells: 7 memorised, 23 levels left

rFire  + . .     SeeInvis .     s - staff of power
rCold  . . .     Gourm    .     O - +0 leather armour {rF+}
rNeg   + . .     Faith    .     w - +1 buckler
rPois  .         Spirit   .     o - +2 hat
rElec  .         Dismiss  +     W - +0 cloak
rCorr  .         Reflect  .     L - +0 pair of gloves
SustAt .         Harm     .     I - +1 pair of boots
MR     ++...                    j - amulet of dismissal
Stlth  ++........               g - +5 ring of intelligence
                                i - +4 ring of protection

@: lethally poisoned (-7 -> -47), sluggish, non-regenerating, repel missiles,
very slow, very resistant to hostile enchantments, unstealthy
A: damage resistance, recharge devices, negative energy resistance 1, sense
surroundings 2, slow regeneration 3
a: Device Recharging, Lesser Healing, Heal Other, Purification, Greater Healing,
Divine Protection, Renounce Religion


You were on level 3 of the Snake Pit.
You worshipped Elyvilon.
Elyvilon was greatly pleased with you.
You were not hungry.

You visited 5 branches of the dungeon, and saw 27 of its levels.

You collected 2854 gold pieces.
You spent 260 gold pieces at shops.

Inventory:

Hand Weapons
 a - a +1 dagger of protection
Missiles
 b - 163 stones (quivered)
Armour
 e - a cursed +0 cloak
 o - a +2 hat (worn)
 w - a +1 buckler (worn)
 I - a +1 pair of boots (worn)
 L - a +0 pair of gloves (worn)
 O - a +0 leather armour of fire resistance (worn)
 W - a +0 cloak (worn)
Magical Staves
 s - an uncursed staff of power (weapon)
Jewellery
 g - a +5 ring of intelligence (right hand)
 i - a +4 ring of protection (left hand)
 j - an amulet of dismissal (around neck)
 B - an uncursed ring of sustain attributes
 S - an uncursed ring of positive energy
Wands
 d - a wand of heal wounds (4/9)
 n - a wand of confusion (37/48)
 q - a wand of iceblast (9/15)
 t - a wand of digging (9/24)
 D - a wand of slowing (4/48)
 N - a wand of acid (0/15)
 P - a wand of iceblast (4/15)
 R - a wand of flame (8/48)
 T - a wand of lightning (1/15)
 Z - a wand of flame (29/48)
Scrolls
 c - 3 scrolls of fear
 r - 5 scrolls of enchant armour
 v - a scroll of silence
 y - a scroll of teleportation
 C - 12 scrolls of remove curse
 G - 4 scrolls of amnesia
 Q - 3 scrolls of magic mapping
 X - 3 scrolls of identify
Potions
 h - 4 potions of flight
 m - a potion of brilliance
 p - 2 potions of curing
 A - a potion of cancellation
 F - 2 potions of haste
 M - 2 potions of agility
 U - 4 potions of berserk rage
Miscellaneous
 k - a crystal ball of energy
 x - a lamp of fire
Comestibles
 f - 10 bread rations
 l - 5 meat rations
 V - 3 slices of pizza


   Skills:
 - Level 4.6 Fighting
 - Level 2.0 Staves
 - Level 8.0 Armour
 + Level 10.8 Dodging
 - Level 2.4 Stealth
 - Level 5.5 Shields
 * Level 13.7 Spellcasting
 - Level 2.0 Charms
 - Level 0.8 Transmutations
 - Level 2.0 Air Magic
 * Level 20.2 Earth Magic
 + Level 12.6 Invocations
 - Level 7.4 Evocations


You had 23 spell levels left.
You knew the following spells:

 Your Spells              Type           Power        Failure   Level  Hunger
a - Sandblast             Erth           ######       0%          1    None
b - Passwall              Tmut/Erth      ######....   1%          2    None
c - Stone Arrow           Conj/Erth      ######       1%          3    None
d - Petrify               Tmut/Erth      ######..     1%          4    None
e - Lee's Rapid Deconstr  Erth           #######...   1%          5    #......
f - Repel Missiles        Chrm/Air       ####..       2%          2    None
g - Swiftness             Chrm/Air       ####....     2%          2    None


Dungeon Overview and Level Annotations

Branches:
Dungeon (15/15)            Temple (1/1) D:4            Lair (6/6) D:8
 Shoals (0/4) Lair:4        Snake (3/4) Lair:3        Slime (0/5) Lair:5
    Orc (2/2) D:12            Elf (0/3) Orc:2        Vaults (0/5) D:14
 Depths (0/5) D:15

Altars:
Ashenzari
Cheibriados
Dithmenos
Elyvilon
Fedhas
Gozag
Hepliaklqana
Kikubaaqudgha
Makhleb
Nemelex Xobeh
Okawaru
Pakellas
Qazlal
Ru
Sif Muna
Trog
Uskayaw
Vehumet
Xom
Yredelemnul
Zin
The Shining One
Beogh
Jiyva

Shops:
D:7 *   D:12 *   D:15 %   Orc:2 ![[

Annotations:
D:12 1 runed door, AlphabetPasta's ghost, journeyman HOAM
D:13 Maud
Snake:2 Nikola
Snake:3 Aizul


Innate Abilities, Weirdness & Mutations

You are resistant to damage.
You can recharge devices by infusing magical energy.
You resist negative energy. (rN+)
You passively map the area around you.
You do not regenerate naturally.


Message History

You start to feel a little faster.
Aizul casts a spell at you. The poison arrow hits you!
You are more poisoned.
* * * LOW HITPOINT WARNING * * *
Aizul coils herself and waves her upper body at you.
The poison arrow misses you.
You begin to meditate on the wall.
You continue meditating on the rock.
* * * LOW HITPOINT WARNING * * *
You feel very sick.
You continue meditating on the rock.
* * * LOW HITPOINT WARNING * * *
You feel very sick. Aizul casts a spell at you.
You fall asleep.
Your meditation is interrupted.
Aizul casts a spell at you. The bolt of poison hits you!
You are more poisoned.
You wake up.
You die...

.........####
........>...####
#########.<....#*
####.....# #########
* ##... * *
....)...#### #. ,
...))......#### * ,
*
#####.##......####**
* ########....@## ,
* ####...### , ,,,
*###...## * * , , ,
##...##* , ,
###..##* * ,, *,
##S.# * , ,, , , *
##.## ,, * * , , * ,
* #).## * * * * ,,*
,, ##..# *


You could see Aizul.

Vanquished Creatures
  Vashnia (Snake:2)
  Rupert (D:15)
  A greater naga (Snake:1)
  A stone giant (D:12)
  Harold (D:11)
  5 naga warriors
  An ice dragon (Lair:6)
  5 hydras
  4 anacondas
  A death knight (D:11)
  A centaur warrior (D:13)
  2 dancing weapons (D:14)
  3 death yaks (Lair:6)
  The ghost of Geoffrax the Slasher, a novice DgFi (D:10)
  A tengu warrior (D:15)
  A shock serpent (Snake:3)
  9 orc high priests
  6 naga sharpshooters
  4 skeletal warriors (D:14)
  2 fire crabs
  2 unseen horrors
  A naga ritualist (Snake:2)
  3 hill giants
  2 lindwurms (Lair:6)
  2 wolf spiders
  2 mana vipers
  2 griffons
  2 wolf spider zombies
  4 cyclopes
  19 ugly things
  5 salamanders
  A shining eye (shapeshifter) (D:13)
  3 deep elf magi
  2 manticores
  3 hornets
  A guardian serpent (Lair:5)
  3 naga magi
  6 torpor snails
  19 black mambas
  14 spiny frogs
  3 gargoyles
  3 centaur skeletons
  2 kobold demonologists (D:15)
  8 komodo dragons
  A polar bear (Lair:6)
  4 trolls
  Grinder (D:5)
  5 giant leeches (Lair:6)
  9 blink frogs
  Prince Ribbit (D:5)
  A snapping turtle (Lair:4)
  16 slime creatures
  3 boulder beetles
  Sigmund (D:3)
  10 wyverns
  7 wraiths
  42 yaks
  A basilisk (Lair:1)
  14 hippogriffs
  2 hungry ghosts
  9 wargs
  23 nagas
  19 water moccasins
  2 soldier ants
  11 porcupines
  Duvessa (D:5)
  31 orc warriors
  8 sky beasts
  A black bear (D:11)
  2 necrophages
  An ice beast (D:12)
  7 wasps
  A boggart (shapeshifter) (D:13)
  An eye of draining (D:14)
  5 phantoms
  4 wolves (Lair:1)
  4 boggarts (D:15)
  9 centaurs
  14 ogres
  10 crocodiles
  8 big kobolds
  Blork the orc (D:5)
  23 giant frogs
  3 gnoll sergeants
  Dowan (D:5)
  A wyvern skeleton (D:12)
  A wyvern zombie (D:9)
  6 scorpions
  8 killer bees
  6 wights
  8 howler monkeys
  An electric eel (Lair:5)
  6 crimson imps
  5 centaur zombies
  2 giant frog zombies
  3 hounds
  7 lava snakes (Snake:2)
  A quasit (D:6)
  3 giant frog skeletons
  47 orc priests
  8 jellies
  30 orc wizards
  Jessica (D:3)
  15 iguanas
  15 worker ants
  A killer bee zombie (D:8)
  16 sheep
  A howler monkey zombie (D:6)
  8 gnolls
  44 river rats
  18 adders
  5 shadow imps
  7 oozes
  2 adder zombies
  An adder skeleton (D:4)
  17 worms (Lair:6)
  7 dart slugs
  6 giant geckos
  119 orcs
  9 giant cockroaches
  7 hobgoblins
  26 jackals
  29 kobolds
  6 quokkas
  2 ball pythons
  7 bats
  A giant cockroach zombie (D:4)
  2 giant newts
  7 goblins
  A quokka skeleton (D:8)
  12 rats
  4 fungi
  3 plants
1022 creatures vanquished.

Vanquished Creatures (collateral kills)
  A water moccasin (Lair:6)
  A wasp (Lair:6)
  A worker ant (Lair:6)
3 creatures vanquished.

Vanquished Creatures (others)
  Josephine (Lair:4)
  A bush (Lair:5)
  26 fungi
  45 plants
73 creatures vanquished.

Grand Total: 1098 creatures vanquished

Notes
Turn   | Place    | Note
--------------------------------------------------------------
     0 | D:1      | AlphabetPasta the Deep Dwarf Earth Elementalist began the quest for the Orb.
     0 | D:1      | Reached XP level 1. HP: 15/15 MP: 3/3
   219 | D:1      | Reached XP level 2. HP: 22/22 MP: 5/5
   223 | D:1      | Learned a level 2 spell: Passwall
   623 | D:1      | Reached XP level 3. HP: 26/28 MP: 2/6
   726 | D:1      | Learned a level 3 spell: Stone Arrow
  1532 | D:2      | Reached skill level 5 in Earth Magic
  1624 | D:2      | Reached XP level 4. HP: 30/36 MP: 6/8
  2137 | D:3      | Noticed Jessica
  2141 | D:3      | Killed Jessica
  2141 | D:3      | Reached skill level 1 in Armour
  2301 | D:3      | Noticed Sigmund
  2349 | D:3      | Reached XP level 5. HP: 32/42 MP: 4/9
  2645 | D:3      | Killed Sigmund
  2645 | D:3      | Reached skill level 6 in Earth Magic
  2645 | D:3      | Reached XP level 6. HP: 21/49 MP: 5/11
  2831 | D:3      | Noticed a sky beast
  2841 | D:3      | Killed a sky beast
  2885 | D:3      | Learned a level 4 spell: Petrify
  3137 | D:4      | Reached XP level 7. HP: 43/55 MP: 9/13
  3261 | D:4      | Reached skill level 7 in Earth Magic
  3283 | D:4      | Reached skill level 1 in Shields
  3390 | D:4      | Found a staircase to the Ecumenical Temple.
  3437 | Temple   | Entered the Ecumenical Temple
  3531 | Temple   | Became a worshipper of Elyvilon the Healer
  3623 | D:4      | Got a polished quarterstaff
  3624 | D:4      | Identified the cursed +0 quarterstaff "Qowoc" {freeze, rPois} (You found it on level 4 of the Dungeon)
  3881 | D:4      | Reached skill level 1 in Invocations
  4353 | D:4      | Learned a level 5 spell: Lee's Rapid Deconstruction
  4354 | D:4      | Upgraded the game from 0.19-a0-814-g7a00c6c to 0.19-a0-816-geccf914
  4355 | D:5      | Entered Level 5 of the Dungeon
  4385 | D:5      | Learned a level 5 spell: Lee's Rapid Deconstruction
  4392 | D:5      | Noticed Grinder
  4397 | D:5      | Killed Grinder
  4397 | D:5      | Reached skill level 8 in Earth Magic
  4397 | D:5      | Reached XP level 8. HP: 47/62 MP: 10/15
  4432 | D:5      | Reached skill level 5 in Spellcasting
  4602 | D:5      | Noticed Prince Ribbit
  4606 | D:5      | Killed Prince Ribbit
  4686 | D:5      | Noticed Duvessa
  4720 | D:5      | Noticed Dowan
  4737 | D:5      | Reached skill level 9 in Earth Magic
  4740 | D:5      | Killed Duvessa
  4748 | D:5      | Killed Dowan
  4813 | D:5      | Reached * piety under Elyvilon
  5099 | D:5      | Found a glowing silver altar of Zin.
  5100 | D:5      | Noticed Blork the orc
  5105 | D:5      | Killed Blork the orc
  5511 | D:5      | Found a sacrificial altar of Ru.
  5626 | D:6      | Gained mutation: You passively map the area around you. [Deep Dwarf growth]
  5626 | D:6      | Reached XP level 9. HP: 50/68 MP: 4/18
  6136 | D:6      | Reached skill level 10 in Earth Magic
  6297 | D:6      | Reached skill level 5 in Invocations
  6766 | D:6      | Reached skill level 1 in Fighting
  6827 | D:6      | Found a burning altar of Makhleb.
  7021 | D:7      | Reached skill level 5 in Dodging
  7189 | D:7      | Reached ** piety under Elyvilon
  7254 | D:7      | Reached skill level 11 in Earth Magic
  7270 | D:7      | Found Lenn's Luxury Loot.
  7796 | D:8      | Found a stormy altar of Qazlal.
  7826 | D:8      | Reached XP level 10. HP: 65/80 MP: 14/20
  7831 | D:8      | Reached skill level 1 in Staves
  7979 | D:8      | Found an opulent altar of Gozag.
  8098 | D:8      | Found a staircase to the Lair.
  9488 | D:9      | Identified a +0 rod of clouds (11/11) (You found it on level 9 of the Dungeon)
  9716 | D:9      | Reached *** piety under Elyvilon
 10040 | D:9      | Reached skill level 12 in Earth Magic
 10046 | D:9      | Reached skill level 1 in Evocations
 11168 | D:9      | Upgraded the game from 0.19-a0-816-geccf914 to 0.19-a0-821-gf489216
 11169 | D:10     | Entered Level 10 of the Dungeon
 11184 | D:10     | Killed an unseen horror
 11310 | D:10     | Noticed a hill giant
 11340 | D:10     | Killed a hill giant
 11414 | D:10     | Learned a level 2 spell: Repel Missiles
 11705 | D:10     | Reached XP level 11. HP: 74/86 MP: 17/23
 11836 | D:10     | Noticed Geoffrax's ghost (novice DgFi)
 11853 | D:10     | Killed Geoffrax's ghost
 12083 | D:10     | Reached skill level 13 in Earth Magic
 12629 | D:11     | Noticed Harold
 13192 | D:11     | Reached skill level 1 in Charms
 13391 | D:11     | Reached **** piety under Elyvilon
 13780 | D:11     | Noticed a death knight
 13956 | D:11     | Killed a death knight
 14140 | D:11     | Killed Harold
 14140 | D:11     | Reached skill level 5 in Evocations
 14532 | D:12     | Found a white marble altar of Elyvilon.
 14532 | D:12     | Noticed a deep elf mage
 14533 | D:12     | Found a runed door.
 14533 | D:12     | Noticed an angel
 14686 | D:12     | Reached skill level 1 in Air Magic
 14866 | D:12     | Found a staircase to the Orcish Mines.
 14910 | D:12     | Noticed AlphabetPasta's ghost (journeyman HOAM)
 15054 | D:12     | Found Koffag's Assorted Antiques.
 15436 | D:12     | Bought a scroll labeled EWYORGH TEPHIFY for 26 gold pieces
 15633 | D:12     | Killed an unseen horror
 15633 | D:12     | Reached skill level 14 in Earth Magic
 15763 | D:12     | Reached XP level 12. HP: 42/93 MP: 16/25
 16164 | D:8      | Upgraded the game from 0.19-a0-821-gf489216 to 0.19-a0-822-g530da24
 16174 | Lair:1   | Entered Level 1 of the Lair of Beasts
 16240 | Lair:1   | Learned a level 2 spell: Swiftness
 16800 | Lair:1   | Reached skill level 5 in Armour
 17861 | Lair:1   | Reached skill level 10 in Spellcasting
 17954 | Lair:1   | Reached ***** piety under Elyvilon
 18569 | Lair:2   | Reached skill level 15 in Earth Magic
 19373 | Lair:3   | Found a staircase to the Snake Pit.
 21125 | Lair:4   | Found a staircase to the Shoals.
 21360 | Lair:4   | Noticed Josephine
 21369 | Lair:4   | Killed Josephine
 21369 | Lair:4   | Reached XP level 13. HP: 70/102 MP: 0/27
 23398 | Lair:5   | Found a viscous altar of Jiyva.
 23398 | Lair:5   | Found a staircase to the Slime Pits.
 23732 | Lair:6   | Entered Level 6 of the Lair of Beasts
 24034 | Lair:6   | Reached skill level 16 in Earth Magic
 26952 | Lair:6   | Found a runed door.
 27900 | Lair:6   | Gained mutation: You resist negative energy. (rN+) [Deep Dwarf growth]
 27900 | Lair:6   | Reached XP level 14. HP: 78/114 MP: 25/29
 28018 | Lair:6   | Reached skill level 17 in Earth Magic
 30658 | Orc:1    | Entered Level 1 of the Orcish Mines
 30661 | Orc:1    | Noticed a stone giant
 30731 | D:12     | Reached skill level 10 in Invocations
 31631 | D:12     | Reached skill level 5 in Shields
 32869 | Orc:2    | Entered Level 2 of the Orcish Mines
 33180 | Orc:2    | Found a staircase to the Elven Halls.
 33614 | Orc:2    | Found a roughly hewn altar of Beogh.
 33730 | Orc:2    | Upgraded the game from 0.19-a0-822-g530da24 to 0.19-a0-828-ga8d18c6
 34063 | Orc:2    | Reached skill level 18 in Earth Magic
 34407 | Orc:2    | Found Navieraw's Armour Boutique.
 34407 | Orc:2    | Found Cisedoj's Armour Emporium.
 34480 | Orc:2    | Found a roughly hewn altar of Beogh.
 34673 | Orc:2    | Found Quca's Distillery.
 34673 | Orc:2    | Found Upluewed's Distillery.
 34690 | Orc:2    | Bought a potion of heal wounds for 65 gold pieces
 34690 | Orc:2    | Bought a potion of curing for 39 gold pieces
 34690 | Orc:2    | Bought a potion of haste for 130 gold pieces
 35149 | D:13     | Noticed Maud
 35430 | D:12     | Upgraded the game from 0.19-a0-828-ga8d18c6 to 0.19-a0-829-g23a5e41
 35566 | D:12     | Killed a stone giant
 35978 | D:12     | Reached XP level 15. HP: 42/121 MP: 22/30
 36822 | D:13     | Gained mutation: You expend magic power (3 MP) to strengthen your wands. [a shining eye]
 36829 | D:13     | Lost mutation: You expend magic power (3 MP) to strengthen your wands. [potion of cure mutation]
 37780 | D:14     | Found a gate to the Vaults.
 39040 | D:15     | Entered Level 15 of the Dungeon
 39123 | D:15     | Found Qaokkini's Food Boutique.
 39467 | D:15     | Reached skill level 19 in Earth Magic
 39747 | D:15     | Reached skill level 10 in Dodging
 40296 | D:15     | Noticed Rupert
 40428 | D:15     | Killed Rupert
 40907 | D:15     | Found a staircase to the Depths.
 41353 | Snake:1  | Entered Level 1 of the Snake Pit
 42055 | Snake:1  | Noticed a greater naga
 42065 | Snake:1  | Killed a greater naga
 43073 | Snake:2  | Reached XP level 16. HP: 92/129 MP: 31/32
 43081 | Snake:2  | Noticed Vashnia
 43234 | Snake:2  | Noticed Nikola
 44098 | Snake:2  | Reached skill level 20 in Earth Magic
 44386 | Snake:2  | Killed Vashnia
 44979 | Snake:3  | Noticed Aizul
 45021 | Snake:3  | Killed from afar by Aizul

Vault maps used:
D:1:      sevenhm_arrival_forest_fort_large_2
D:3:      first_bread, uniq_jessica, uniq_sigmund
D:5:      lemuel_round_altar, kennysheep_mini, minmay_crossroads,
          uniq_prince_ribbit1, uniq_blork_the_orc, uniq_duvessa, uniq_grinder
D:6:      lemuel_crystal_altar, minmay_misc_feat_tiny
D:7:      nicolae_alphabet_shops
D:8:      grunt_qazlal_clouds, david_lair_shrubbed, special_room, basic_altar,
          hangedman_little_slice_of_home, minmay_misc_feat_chi
D:9:      serial_glass, glass_columns_a, glass_columns_b, glass_columns_a,
          glass_columns_a, glass_columns_b, glass_columns_a, glass_columns_a,
          glass_columns_c
D:11:     uniq_harold
D:12:     orc_0_dummy, serial_shops, shop, lemuel_angel_altar
D:13:     uniq_maud
D:14:     erik_vaults_1, minivault_23
D:15:     hangedman_depths_entry_try_elsewhere_first, serial_shops, shop,
          uniq_rupert
Temple:   compressed_dpeg_circular_temple
Lair:3:   minmay_snake_entry_guardpost_medium
Lair:4:   minmay_shoals_entry_hut, grunt_megastairs_2, uniq_josephine
Lair:5:   slime_altar_1, nicolae_quartered_pool_little
Lair:6:   hangedman_lair_tendril_chambers, wormcave
Snake:2:  nicolae_snake_round_shape_thing, nicolae_snake_lava_pool,
          uniq_vashnia, uniq_nikola
Snake:3:  special_room, uniq_aizul, uniq_donald, uniq_wiglaf
Orc:2:    st_orc_town, basic_altar

Skill      XL: |  1  2  3  4  5  6  7  8  9 10 11 12 13 14 15 16 |
---------------+-------------------------------------------------+-----
Spellcasting   | 2 3 4 6 7 8 9 10 11 12 13 | 13.7
Earth Magic    | 5 6 8 9 11 12 14 15 16 18 19 20 | 20.2
Armour         | 1 2 4 6 7 8 |  8.0
Dodging        | 3 4 5 7 8 9 10 | 10.8
Shields        | 2 4 5 |  5.5
Invocations    | 2 4 5 6 7 9 10 12 | 12.6
Fighting       | 2 4 |  4.6
Staves         | 2 |  2.0
Evocations     | 2 6 7 |  7.4
Charms         | 2 |  2.0
Air Magic      | 1 2 |  2.0
Stealth        | |  2.4
Transmutations | |  0.8

Action                   |  1- 3 |  4- 6 |  7- 9 | 10-12 | 13-15 | 16-18 || total
-------------------------+-------+-------+-------+-------+-------+-------++-------
Melee: Dagger            |    45 |    15 |       |       |     2 |       ||    62
       Quarterstaff      |       |       |     5 |       |       |       ||     5
       Staff             |       |       |       |       |    29 |       ||    29
 Cast: Sandblast         |    76 |    66 |   188 |   269 |   110 |     4 ||   713
       Stone Arrow       |       |       |    43 |   368 |   854 |    62 ||  1327
       Lee's Rapid Decon |       |       |       |    39 |   222 |    43 ||   304
       Repel Missiles    |       |       |       |     2 |     4 |     2 ||     8
       Petrify           |       |       |       |    10 |    37 |     1 ||    48
       Swiftness         |       |       |       |       |    27 |     1 ||    28
       Passwall          |       |       |       |       |     2 |     1 ||     3
Invok: Lesser Healing    |       |       |     4 |    32 |    68 |     9 ||   113
       Greater Healing   |       |       |       |     1 |    18 |     1 ||    20
 Abil: Device Recharging |       |       |       |       |     1 |       ||     1
Evoke: Wand              |       |     4 |     3 |    30 |    28 |     4 ||    69
       Crystal ball of e |       |       |       |       |     1 |       ||     1
  Use: Scroll            |       |       |    21 |    15 |    14 |     2 ||    52
       Potion            |       |       |       |     2 |    17 |     2 ||    21
 Stab: Sleeping          |     2 |     3 |       |       |       |       ||     5
  Eat: Chunk             |     3 |     5 |    14 |    34 |    50 |       ||   106
       Fruit             |       |       |       |    12 |     6 |       ||    18
       Pizza             |       |       |       |     3 |       |       ||     3
       Beef jerky        |       |       |       |     3 |     1 |     1 ||     5
       Royal jelly       |       |       |       |       |    13 |       ||    13
       Meat ration       |       |       |       |       |     4 |     1 ||     5
Armor: Robe              |     9 |     6 |    17 |     2 |       |       ||    34
       Leather armour    |       |       |       |    56 |   127 |     8 ||   191
       Troll leather arm |       |       |       |     3 |     9 |       ||    12
Dodge: Dodged            |    56 |    20 |    41 |   135 |   293 |    28 ||   573
       Deflected         |       |       |       |     4 |    21 |     7 ||    32
Block: Buckler           |       |       |     7 |    69 |   123 |    16 ||   215
